 Dungeon Crawl Stone Soup version 0.23-a0-839-g6d2b917 (webtiles) character file.

1339 tidbits the Charmwright (level 8, 45/70 HPs)
             Began as a Gnoll Skald on Jan 25, 2019.
             Quit the game on level 7 of the Dungeon.
             The game lasted 00:17:12 (1678 turns).

tidbits the Charmwright (Gnoll Skald)               Turns: 1678, Time: 00:17:13

Health: 45/70      AC:  4    Str: 13    XL:     8   Next: 61%
Magic:  10/17      EV: 15    Int: 16    God:
Gold:   91         SH:  0    Dex: 15    Spells: 5/19 levels left

rFire    . . .     SeeInvis .   a - +0 trident
rCold    . . .     Gourm    .   (no shield)
rNeg     + . .     Faith    .   B - +2 robe {rN+}
rPois    .         Spirit   .   (helmet restricted)
rElec    .         Reflect  .   (no cloak)
rCorr    .         Harm     .   (no gloves)
MR       .....                  (no boots)
Stlth    ++........             (no amulet)
HPRegen  0.21/turn              (no ring)
MPRegen  0.15/turn              (no ring)

@: no status effects
A: distributed training, antennae 1, fangs 1, dopey 1, robust 1, strong nose
a: no special abilities


You were on level 7 of the Dungeon.
You were not hungry.

You visited 2 branches of the dungeon, and saw 9 of its levels.

You collected 91 gold pieces.

Inventory:

Hand Weapons
 a - a +0 trident (weapon)
 d - a +0 spear
 g - a +1 dagger of venom
   (You took it off a kobold on level 3 of the Dungeon)
 m - a +0 shortbow
 o - a +0 blowgun
 p - a +0 dagger
 w - a +2 scimitar
 x - a +2 dagger of venom
   (You took it off a kobold on level 7 of the Dungeon)
Missiles
 e - 41 bolts
 f - 40 sling bullets
 h - 43 stones (quivered)
 q - 7 curare-tipped needles
 s - 28 arrows
 u - 2 throwing nets {!f}
Armour
 b - a +0 leather armour
 i - a +0 robe
 n - a +0 ring mail
 B - a +2 robe of positive energy (worn)
   (You took it off Pikel on level 6 of the Dungeon)
Scrolls
 j - 3 scrolls of enchant weapon
 r - 2 scrolls of remove curse
 t - 4 scrolls of teleportation
 v - a scroll of fear
Potions
 k - a potion of curing
Comestibles
 c - 6 rations


   Skills:
 + Level 5.7 Fighting
 + Level 3.3 Short Blades
 + Level 3.3 Long Blades
 + Level 3.3 Axes
 + Level 3.3 Maces & Flails
 + Level 5.7 Polearms
 + Level 3.3 Staves
 + Level 3.3 Slings
 + Level 3.3 Bows
 + Level 3.3 Crossbows
 + Level 3.3 Throwing
 + Level 4.3 Armour
 + Level 5.7 Dodging
 + Level 3.3 Stealth
 + Level 3.3 Shields
 + Level 3.3 Unarmed Combat
 + Level 6.1 Spellcasting
 + Level 2.7 Conjurations
 + Level 2.7 Hexes
 + Level 6.1 Charms
 + Level 2.7 Summonings
 + Level 2.7 Necromancy
 + Level 2.7 Translocations
 + Level 2.7 Transmutations
 + Level 2.7 Fire Magic
 + Level 2.7 Ice Magic
 + Level 2.7 Air Magic
 + Level 2.7 Earth Magic
 + Level 2.7 Poison Magic
 + Level 3.7 Invocations
 + Level 3.3 Evocations


You had 5 spell levels left.
You knew the following spells:

 Your Spells              Type           Power        Failure   Level  Hunger
g - Shroud of Golubria    Chrm/Tloc      ###.......   3%          2    #......
i - Infusion              Chrm           ###.         1%          1    None
m - Mephitic Cloud        Conj/Pois/Air  ##......     13%         3    ##.....
r - Regeneration          Chrm/Necr      ###.......   6%          3    ##.....
w - Spectral Weapon       Hex/Chrm       ###.....     6%          3    ##.....
y - Song of Slaying       Chrm           ###.....     1%          2    #......

Your spell library contained the following spells:

 Spells                   Type           Power        Failure   Level  Hunger
 Corona                   Hex            ##.....      4%          1    None
 Sting                    Conj/Pois      ##..         4%          1    None
 Poisonous Vapours        Pois/Air       ##....       7%          2    #......
 Slow                     Hex            ##......     7%          2    #......
 Inner Flame              Hex/Fire       ##......     13%         3    ##.....
 Portal Projectile        Hex/Tloc       ##....       13%         3    ##.....
 Cause Fear               Hex            ##........   41%         4    ####...
 Leda's Liquefaction      Hex/Erth       ##........   41%         4    ####...
 Olgreb's Toxic Radiance  Pois           ##......     41%         4    ####...
 Venom Bolt               Conj/Pois      ##........   77%         5    ######.


Dungeon Overview and Level Annotations

Branches:
Dungeon (8/15)             Temple (1/1) D:7
   Lair: D:8-11

Altars:
Ashenzari
Dithmenos
Elyvilon
Fedhas
Gozag
Hepliaklqana
Kikubaaqudgha
Nemelex Xobeh
Okawaru
Qazlal
Ru
Sif Muna
Trog
Uskayaw
Vehumet
Wu Jian
Xom
Yredelemnul
Zin
The Shining One

Annotations:
D:6 Eustachio


Innate Abilities, Weirdness & Mutations

Your experience applies equally to all skills.
You have very sharp teeth.
Your uncanny sense of smell can sniff out nearby items.
You have a pair of small antennae on your head.
You are dopey. (Int -2)
You are robust. (+10% HP)


Message History

Wield which item (- for none, * to show all)? (? for menu, Esc to quit)
Your +1 dagger of venom stops dripping with poison.
a - a +0 trident (weapon)
The kobold shouts!
Casting: Regeneration (safe; 7% risk of failure)
Confirm with . or Enter, or press ? or * to list all spells.
You draw out your weapon's spirit!
A kobold comes into view. It is wielding a +2 dagger of venom.
A worker ant comes into view.
The kobold shouts!
Unknown command.
You puncture the kobold!
You kill the kobold!
You closely miss the big kobold.
Your spectral weapon hits the big kobold from afar!
The big kobold hits you with a +0 dagger.
* * * LOW HITPOINT WARNING * * *
You hit the big kobold. Your bite misses the big kobold.
The big kobold is heavily wounded.
Your spectral weapon closely misses the big kobold.
The big kobold hits you with a +0 dagger.
* * * LOW HITPOINT WARNING * * *
Casting: Spectral Weapon (safe; 7% risk of failure)
Confirm with . or Enter, or press ? or * to list all spells.
Space distorts slightly along a thin shroud covering your body.
Your shroud bends the big kobold's attack away.
Unknown command.
You hit the big kobold.
You bite the big kobold, but do no damage.
The big kobold is severely wounded.
Your spectral weapon completely misses the big kobold.
The big kobold closely misses you.
You miss the big kobold.
The big kobold is severely wounded.
Your spectral weapon hits the big kobold from afar!
You kill the big kobold!
You closely miss the kobold.
Your shroud begins to fray at the edges.
Your spectral weapon closely misses the kobold.
The kobold misses you.
Unknown command.
You barely miss the kobold.
Your spectral weapon hits the kobold from afar!
You kill the kobold!
You puncture the worker ant!
The worker ant is heavily wounded.
Your spectral weapon hits the worker ant from afar.
The worker ant completely misses you. The worker ant barely misses you.
You hit the worker ant but do no damage.
The worker ant is severely wounded.
Your spectral weapon hits the worker ant from afar!
You kill the worker ant!
The kobold throws a stone.
The stone misses you.
The stone hits your spectral weapon but does no damage.
Attack whom?
Press: ? - help, Dir - move target cursor, f - kobold
Aim: a kobold, wielding a +2 dagger of venom You reach to attack!
You barely miss the kobold.
The kobold throws a stone.
The stone closely misses you. The stone misses your spectral weapon.
The kobold closely misses you.
Items here: )) ††† a +0 dagger; a +0 club; a kobold corpse; a big kobold corpse; a kobold corpse You barely miss the kobold.
You bite the kobold, but do no damage.
Your shroud unravels.
Your spectral weapon hits the kobold from afar!
You kill the kobold!
You see here a +2 dagger of venom.
x - a +2 dagger of venom
Casting: Shroud of Golubria (safe; 3% risk of failure)
Confirm with . or Enter, or press ? or * to list all spells.
Your skin crawls.
Unknown command.
Found a staircase to the Ecumenical Temple.
Your skin is crawling a little less now.
Found 14 gold pieces.
There is a staircase to the Ecumenical Temple here.
You climb downwards.
Welcome to the Ecumenical Temple!
Your summoned ally is left behind.
Your spectral weapon fades away.
Found eighteen altars.
There is a staircase back to the Dungeon here.
Unknown command.
Okay, then.
You climb upwards.
Welcome back to the Dungeon!
There is a staircase to the Ecumenical Temple here.
Unknown command.
As you read the scroll labeled ICIUDU WENI, it crumbles to dust.
It is a scroll of amnesia.
Forget Infusion, freeing 1 spell level for a total of 6? [Y]es or [N]o only, please.
Forget Infusion, freeing 1 spell level for a total of 6? [Y]es or [N]o only, please.
Forget Infusion, freeing 1 spell level for a total of 6? [Y]es or [N]o only, please.
Forget Infusion, freeing 1 spell level for a total of 6? [Y]es or [N]o only, please.
Forget Infusion, freeing 1 spell level for a total of 6?
Okay, then.
Your skin stops crawling.
Are you sure you want to abandon this character and quit the game? (Confirm with "yes".)

∆ . ## $. #.
...##.##### .
........# #.
###.....#######
#.
#....@.........
##.
#.#............
#..
#.#####........
#..
#.......#######
#.. #.......#
#.. #.......#
##### #..
#.#####.... ...#
#.. #)#
########.#####..
#.#######
#........)..


There were no monsters in sight!

Vanquished Creatures
  Pikel (D:6)
  An acid dragon (D:7)
  A slave (D:6)
  3 centaurs
  An ogre (D:5)
  2 big kobolds (D:7)
  A water moccasin skeleton (D:5)
  A wight (D:7)
  A crimson imp (D:5)
  A jelly (D:7)
  2 worker ants
  A howler monkey skeleton (D:7)
  3 adders
  An adder zombie (D:5)
  A worm (D:3)
  A dart slug (D:1)
  3 leopard geckos
  An orc (D:7)
  5 bats
  A giant cockroach (D:7)
  6 goblins
  4 hobgoblins
  2 quokkas (D:7)
  A frilled lizard (D:1)
  14 kobolds
  7 rats
66 creatures vanquished.

Vanquished Creatures (others)
  A slave (D:6)
  A bullfrog (D:6)
  A spectral weapon (D:6)
3 creatures vanquished.

Grand Total: 69 creatures vanquished

Notes
Turn   | Place    | Note
-------+----------+-------------------------------------------
     0 | D:1      | tidbits the Gnoll Skald began the quest for the Orb.
     0 | D:1      | Reached XP level 1. HP: 20/20 MP: 6/6
   112 | D:1      | Reached XP level 2. HP: 26/26 MP: 3/7
   116 | D:1      | Learned a level 2 spell: Song of Slaying
   120 | D:1      | Learned a level 2 spell: Shroud of Golubria
   363 | D:3      | Found a hazy altar of Hepliaklqana.
   458 | D:3      | Reached skill level 5 in Spellcasting
   458 | D:3      | Reached XP level 3. HP: 15/31 MP: 0/9
   513 | D:3      | Learned a level 3 spell: Spectral Weapon
   535 | D:3      | Learned a level 3 spell: Regeneration
   614 | D:1      | Reached skill level 1 in Invocations
   772 | D:3      | Found an ornate altar of the Wu Jian Council.
   849 | D:4      | Reached skill level 1 in Short Blades
   849 | D:4      | Reached skill level 1 in Long Blades
   849 | D:4      | Reached skill level 1 in Axes
   849 | D:4      | Reached skill level 1 in Maces & Flails
   849 | D:4      | Reached skill level 1 in Staves
   849 | D:4      | Reached skill level 1 in Slings
   849 | D:4      | Reached skill level 1 in Bows
   849 | D:4      | Reached skill level 1 in Crossbows
   849 | D:4      | Reached skill level 1 in Throwing
   849 | D:4      | Reached skill level 1 in Stealth
   849 | D:4      | Reached skill level 1 in Shields
   849 | D:4      | Reached skill level 1 in Unarmed Combat
   849 | D:4      | Reached skill level 1 in Evocations
   849 | D:4      | Reached XP level 4. HP: 38/38 MP: 4/11
   868 | D:5      | Entered Level 5 of the Dungeon
   914 | D:5      | Noticed an ogre
   924 | D:5      | Killed an ogre
   924 | D:5      | Reached skill level 1 in Conjurations
   924 | D:5      | Reached skill level 1 in Hexes
   924 | D:5      | Reached skill level 1 in Summonings
   924 | D:5      | Reached skill level 1 in Necromancy
   924 | D:5      | Reached skill level 1 in Translocations
   924 | D:5      | Reached skill level 1 in Transmutations
   924 | D:5      | Reached skill level 1 in Fire Magic
   924 | D:5      | Reached skill level 1 in Ice Magic
   924 | D:5      | Reached skill level 1 in Air Magic
   924 | D:5      | Reached skill level 1 in Earth Magic
   924 | D:5      | Reached skill level 1 in Poison Magic
   924 | D:5      | Reached XP level 5. HP: 43/43 MP: 7/12
   930 | D:5      | Gained mutation: You are robust. (+10% HP) [potion of
                  | mutation]
   930 | D:5      | Gained mutation: You are dopey. (Int -2) [potion of
                  | mutation]
   930 | D:5      | Gained mutation: You have a pair of small antennae on your
                  | head. [potion of mutation]
   942 | D:5      | Reached skill level 3 in Armour
   961 | D:5      | Noticed a centaur
   974 | D:5      | Killed a centaur
   974 | D:5      | Reached skill level 2 in Invocations
   974 | D:5      | Reached XP level 6. HP: 26/55 MP: 5/13
   985 | D:6      | Found a shimmering altar of Xom.
   985 | D:6      | Noticed a sky beast
  1006 | D:5      | Reached skill level 5 in Fighting
  1006 | D:5      | Reached skill level 5 in Polearms
  1006 | D:5      | Reached skill level 5 in Dodging
  1078 | D:5      | Reached skill level 2 in Short Blades
  1078 | D:5      | Reached skill level 2 in Long Blades
  1078 | D:5      | Reached skill level 2 in Axes
  1078 | D:5      | Reached skill level 2 in Maces & Flails
  1078 | D:5      | Reached skill level 2 in Staves
  1078 | D:5      | Reached skill level 2 in Slings
  1078 | D:5      | Reached skill level 2 in Bows
  1078 | D:5      | Reached skill level 2 in Crossbows
  1078 | D:5      | Reached skill level 2 in Throwing
  1078 | D:5      | Reached skill level 2 in Stealth
  1078 | D:5      | Reached skill level 2 in Shields
  1078 | D:5      | Reached skill level 2 in Unarmed Combat
  1078 | D:5      | Reached skill level 2 in Evocations
  1237 | D:6      | Noticed an orc warrior
  1238 | D:6      | Noticed an ice beast
  1243 | D:6      | Noticed a slave
  1243 | D:6      | Noticed a slave
  1243 | D:6      | Noticed a slave
  1247 | D:6      | Noticed Pikel
  1249 | D:6      | Noticed a slave
  1253 | D:6      | Killed a slave
  1269 | D:6      | HP: 11/56 [Pikel/+0 whip of flaming (6)]
  1270 | D:6      | Killed Pikel
  1270 | D:6      | Reached skill level 2 in Conjurations
  1270 | D:6      | Reached skill level 2 in Hexes
  1270 | D:6      | Reached skill level 2 in Summonings
  1270 | D:6      | Reached skill level 2 in Necromancy
  1270 | D:6      | Reached skill level 2 in Translocations
  1270 | D:6      | Reached skill level 2 in Transmutations
  1270 | D:6      | Reached skill level 2 in Fire Magic
  1270 | D:6      | Reached skill level 2 in Ice Magic
  1270 | D:6      | Reached skill level 2 in Air Magic
  1270 | D:6      | Reached skill level 2 in Earth Magic
  1270 | D:6      | Reached skill level 2 in Poison Magic
  1270 | D:6      | Reached skill level 3 in Invocations
  1270 | D:6      | Reached XP level 7. HP: 8/61 MP: 5/15
  1270 | D:6      | Reached XP level 8. HP: 9/69 MP: 5/16
  1287 | D:6      | Noticed Eustachio
  1299 | D:7      | Reached skill level 6 in Charms
  1346 | D:7      | Reached skill level 3 in Short Blades
  1346 | D:7      | Reached skill level 3 in Long Blades
  1346 | D:7      | Reached skill level 3 in Axes
  1346 | D:7      | Reached skill level 3 in Maces & Flails
  1346 | D:7      | Reached skill level 3 in Staves
  1346 | D:7      | Reached skill level 3 in Slings
  1346 | D:7      | Reached skill level 3 in Bows
  1346 | D:7      | Reached skill level 3 in Crossbows
  1346 | D:7      | Reached skill level 3 in Throwing
  1346 | D:7      | Reached skill level 4 in Armour
  1346 | D:7      | Reached skill level 3 in Stealth
  1346 | D:7      | Reached skill level 3 in Shields
  1346 | D:7      | Reached skill level 3 in Unarmed Combat
  1346 | D:7      | Reached skill level 3 in Evocations
  1387 | D:7      | Learned a level 3 spell: Mephitic Cloud
  1584 | D:7      | Noticed a brown ugly thing
  1586 | D:7      | Reached skill level 6 in Spellcasting
  1601 | D:7      | HP: 10/69 [centaur (4)]
  1670 | D:7      | Found a staircase to the Ecumenical Temple.
  1674 | Temple   | Entered the Ecumenical Temple
  1678 | D:7      | Quit the game

Vault maps used:
D:1:      minmay_arrival_doors, serial_corexii_hall,
          chequers_hall_statues_corner_a, corexii_hall_statues_i,
          corexii_hall_statues_x, chequers_hall_statues_corner_a,
          corexii_hall_statues_l, corexii_hall_statues_deadend,
          patterned_corridor
D:2:      uniq_terence
D:3:      old_standard_altar, lemuel_statue_altar
D:4:      minmay_misc_feat_tiny, kennysheep_windowed_goal
D:5:      first_ration, serial_bayou_pond_d
D:6:      basic_altar, serial_curves, eino_curves_02, eino_curves_04,
          eino_curves_03, uniq_pikel, uniq_eustachio, uniq_duvessa
D:7:      minmay_blocky_corners, minmay_temple_entry_butterflies, serial_shops,
          nicolae_shop_waterfront
D:8:      grunt_temple_overflow_diamond, special_room, blue_anna_alchemist
Temple:   nicolae_temple_no_exploring_needed

Skill      XL: |  1  2  3  4  5  6  7  8 |
---------------+-------------------------+-----
Spellcasting   | 5 6 |  6.1
Invocations    | 1 2 3 |  3.7
Short Blades   | 1 2 3 |  3.3
Long Blades    | 1 2 3 |  3.3
Axes           | 1 2 3 |  3.3
Maces & Flails | 1 2 3 |  3.3
Staves         | 1 2 3 |  3.3
Slings         | 1 2 3 |  3.3
Bows           | 1 2 3 |  3.3
Crossbows      | 1 2 3 |  3.3
Throwing       | 1 2 3 |  3.3
Stealth        | 1 2 3 |  3.3
Shields        | 1 2 3 |  3.3
Unarmed Combat | 1 2 3 |  3.3
Evocations     | 1 2 3 |  3.3
Conjurations   | 1 2 |  2.7
Hexes          | 1 2 |  2.7
Summonings     | 1 2 |  2.7
Necromancy     | 1 2 |  2.7
Translocations | 1 2 |  2.7
Transmutations | 1 2 |  2.7
Fire Magic     | 1 2 |  2.7
Ice Magic      | 1 2 |  2.7
Air Magic      | 1 2 |  2.7
Earth Magic    | 1 2 |  2.7
Poison Magic   | 1 2 |  2.7
Armour         | 3 4 |  4.3
Fighting       | 5 |  5.7
Polearms       | 5 |  5.7
Dodging        | 5 |  5.7
Charms         | 6 |  6.1

Action                   |  1- 3 |  4- 6 |  7- 9 || total
-------------------------+-------+-------+-------++-------
Melee: Spear             |    88 |       |       ||    88
       Bite              |     8 |     7 |    10 ||    25
       Trident           |       |    43 |    59 ||   102
       Dagger            |       |       |     8 ||     8
 Cast: Infusion          |     6 |       |       ||     6
       Spectral Weapon   |     5 |     6 |     7 ||    18
       Shroud of Golubri |     1 |     4 |     3 ||     8
       Regeneration      |     1 |     2 |     8 ||    11
  Use: Potion            |     1 |     3 |     2 ||     6
       Scroll            |       |     5 |     4 ||     9
 Stab: Sleeping          |     1 |       |     1 ||     2
       Distracted        |       |     1 |       ||     1
  Eat: Ration            |     1 |       |     1 ||     2
Armor: Leather armour    |    10 |       |       ||    10
       Robe              |       |     6 |     7 ||    13
Dodge: Dodged            |    36 |    24 |    59 ||   119

Table legend:
 A = Non-vault XP
 B = Vault XP
 C = Vault XP percentage of total XP
 D = Non-vault monster count
 E = Vault monster count
 F = Vault count percentage of total count
                 A         B        C        D         E       F
            +---------+---------+-------+---------+---------+-------
      Total |    1043 |     870 |  45.5 |      62 |       3 |   4.6
            +---------+---------+-------+---------+---------+-------
        D:1 |      26 |       0 |   0.0 |      14 |       0 |   0.0
        D:2 |       6 |       0 |   0.0 |       4 |       0 |   0.0
        D:3 |      37 |       0 |   0.0 |      15 |       0 |   0.0
        D:4 |       0 |      34 | 100.0 |       0 |       1 | 100.0
        D:5 |     471 |       0 |   0.0 |       7 |       0 |   0.0
        D:6 |       0 |     673 | 100.0 |       0 |       1 | 100.0
        D:7 |     503 |     163 |  24.5 |      22 |       1 |   4.3
            +---------+---------+-------+---------+---------+-------

Table legend:
 A = Turns spent in this place as a percentage of turns spent in the entire game.
 B = Non-inter-level travel turns spent in this place as a percentage of non-inter-level travel turns spent in the entire game.
 C = Inter-level travel turns spent in this place as a percentage of turns spent in this place.
 D = Turns resting spent in this place as a percentage of non-inter-level travel turns spent in this place.
 E = Turns spent auto-exploring this place as a percentage of non-inter-level travel turns spent in this place.
 F = Non-inter-level travel turns spent in this place divided by the number of levels of this place that you've seen.
                   A       B       C       D       E      F
               +-------+-------+-------+-------+-------+----------------------
         Total | 100.0 | 100.0 |   3.4 |   0.0 |   0.0 | 180.1
       Dungeon |  99.9 |  99.9 |   3.4 |   0.0 |   0.0 | 202.4
        Temple |   0.1 |   0.1 |   0.0 |   0.0 |   0.0 |   2.0
               +-------+-------+-------+-------+-------+----------------------

Table legend:
 A = Kills in this place as a percentage of kills in entire the game.
 B = Kills by you in this place as a percentage of kills by you in the entire game.
 C = Kills by friends in this place as a percentage of kills by friends in the entire game.
 D = Other kills in this place as a percentage of other kills in the entire game.
 E = Experience gained in this place as a percentage of experience gained in the entire game.
 F = Experience gained in this place divided by the number of levels of this place that you have seen.
                   A       B       C       D       E      F
               +-------+-------+-------+-------+-------+----------------------
         Total | 100.0 | 100.0 |   N/A |   N/A | 100.0 | 212.6
       Dungeon | 100.0 | 100.0 |   N/A |   N/A | 100.0 | 239.1
               +-------+-------+-------+-------+-------+----------------------

Vault maps used:
D:1:      minmay_arrival_doors, serial_corexii_hall,
          chequers_hall_statues_corner_a, corexii_hall_statues_i,
          corexii_hall_statues_x, chequers_hall_statues_corner_a,
          corexii_hall_statues_l, corexii_hall_statues_deadend,
          patterned_corridor
D:2:      uniq_terence
D:3:      old_standard_altar, lemuel_statue_altar
D:4:      minmay_misc_feat_tiny, kennysheep_windowed_goal
D:5:      first_ration, serial_bayou_pond_d
D:6:      basic_altar, serial_curves, eino_curves_02, eino_curves_04,
          eino_curves_03, uniq_pikel, uniq_eustachio, uniq_duvessa
D:7:      minmay_blocky_corners, minmay_temple_entry_butterflies, serial_shops,
          nicolae_shop_waterfront
D:8:      grunt_temple_overflow_diamond, special_room, blue_anna_alchemist
Temple:   nicolae_temple_no_exploring_needed
